 Dungeon Crawl Stone Soup version 0.29-a0-575-g0dc89cf053 (webtiles) character file.

Game seed: 12677238193912785772

9 DocClef the Covert (level 2, -1/29 HPs)
             Began as a Gnoll Delver on June 12, 2022.
             Slain by a centaur (2 damage)
             ... on level 6 of the Dungeon.
             The game lasted 00:00:17 (58 turns).

DocClef the Covert (Gnoll Delver)                     Turns: 58, Time: 00:00:17

Health: -1/29      AC:  3    Str: 11    XL:     2   Next: 16%
Magic:  2/2        EV: 13    Int:  9    God:
Gold:   0          SH:  0    Dex: 13    Spells: 1/1 levels left

rFire   . . .      SeeInvis .   a - +0 short sword
rCold   . . .      Faith    .   (no shield)
rNeg    . . .      Spirit   .   b - +0 leather armour
rPois   +          Reflect  .   (no helmet)
rElec   .          Harm     .   (no cloak)
rCorr   .          Rampage  .   (no gloves)
Will    .....                   (no boots)
Stlth   ++++......              (no amulet)
HPRegen 0.09/turn               d - ring of poison resistance
MPRegen 0.08/turn               (no ring)

@: no status effects
A: fangs 1, strong nose, distributed training
a: no special abilities


You were on level 6 of the Dungeon.
You visited 1 branch of the dungeon, and saw 2 of its levels.

Inventory:

Hand Weapons
 a - a +0 short sword (weapon)
Armour
 b - a +0 leather armour (worn)
Jewellery
 d - a ring of poison resistance (left hand)
Wands
 g - a wand of digging (3)
Scrolls
 c - a scroll of fog
 e - a scroll of fear
 h - a scroll of identify {unknown}
Potions
 f - a potion of haste


   Skills:
 + Level 6.4 Fighting
 + Level 4.4 Short Blades
 + Level 0.3 Long Blades
 + Level 0.3 Axes
 + Level 0.3 Maces & Flails
 + Level 0.3 Polearms
 + Level 0.3 Staves
 + Level 0.3 Slings
 + Level 0.3 Bows
 + Level 0.3 Crossbows
 + Level 0.3 Throwing
 + Level 0.3 Armour
 + Level 4.4 Dodging
 + Level 9.5 Stealth
 + Level 0.3 Shields
 + Level 0.3 Unarmed Combat
 + Level 0.3 Spellcasting
 + Level 0.2 Conjurations
 + Level 0.2 Hexes
 + Level 0.2 Summonings
 + Level 0.2 Necromancy
 + Level 0.2 Translocations
 + Level 0.2 Transmutations
 + Level 0.2 Fire Magic
 + Level 0.2 Ice Magic
 + Level 0.2 Air Magic
 + Level 0.2 Earth Magic
 + Level 0.2 Poison Magic
 + Level 0.4 Invocations
 + Level 0.3 Evocations


You had one spell level left.
You didn't know any spells.
Your spell library was empty.

Dungeon Overview and Level Annotations

Branches:
Dungeon (6/15)             Temple (0/1) D:5

Altars:


Innate Abilities, Weirdness & Mutations

You have very sharp teeth.
Your uncanny sense of smell can sniff out nearby items.
Your experience applies equally to all skills.


Message History

The centaur closely misses you.
You hit the centaur.
The centaur is moderately wounded.
The centaur hits you but does no damage.
The centaur misses you.
You hit the centaur.
The centaur is heavily wounded.
The centaur barely misses you. x2
You hit the centaur.
The centaur is heavily wounded.
The centaur misses you. The centaur kicks you.
The centaur hits you but does no damage.
The centaur closely misses you.
You closely miss the centaur. You bite the centaur, but do no damage.
The centaur is heavily wounded.
The centaur hits you but does no damage.
The centaur kicks you but does no damage.
Unknown command.
You hit the centaur but do no damage.
The centaur is heavily wounded.
The centaur closely misses you. The centaur kicks you.
* * * LOW HITPOINT WARNING * * *
The centaur hits you.
* * * LOW HITPOINT WARNING * * *
The centaur kicks you but does no damage.
You hit the centaur but do no damage.
The centaur is heavily wounded.
The centaur closely misses you.
The centaur kicks you but does no damage.
You hit the centaur.
The centaur is severely wounded.
The centaur hits you.
* * * LOW HITPOINT WARNING * * *
The centaur closely misses you.
You barely miss the centaur.
The centaur is severely wounded.
The centaur hits you.
* * * LOW HITPOINT WARNING * * *
The centaur kicks you.
You die...

#<##.## ..##..# ..
#####.# .### #.# ..#
#.# #.# #.# #.## #.#
#..##
...##.########...####
................@c..+
...###########...####∆∆
#. #...## # #.### #. #.
.. #.


You could see a centaur.

Vanquished Creatures
  An adder (D:6)
1 creature vanquished.

Notes
Turn   | Place    | Note
-------+----------+-------------------------------------------
     0 | D:5      | Reached skill level 9 in Stealth
     0 | D:5      | DocClef the Gnoll Delver began the quest for the Orb.
     0 | D:5      | Reached XP level 1. HP: 23/23 MP: 1/1
     5 | D:5      | Noticed an orc wizard
     7 | D:5      | Noticed a black bear
     9 | D:5      | Noticed an orc priest
    43 | D:6      | Reached XP level 2. HP: 29/29 MP: 2/2
    45 | D:6      | Noticed a centaur
    58 | D:6      | HP: 1/29 [centaur (1)]
    58 | D:6      | Slain by a centaur

Illustrated notes

Levels and vault maps discovered:
D:5:      layout_rooms, minmay_temple_entry_fiery, lightli_sewer_entry_pipes,
          nicolae_grassy_gnolls, uniq_sigmund, uniq_prince_ribbit1
D:6:      layout_loops_corners, kennysheep_generic_room_8

Skill      XL: | |
---------------+-+-----
Stealth        | |  9.5
Fighting       | |  6.4
Short Blades   | |  4.4
Long Blades    | |  0.3
Axes           | |  0.3
Maces & Flails | |  0.3
Polearms       | |  0.3
Staves         | |  0.3
Slings         | |  0.3
Bows           | |  0.3
Crossbows      | |  0.3
Throwing       | |  0.3
Armour         | |  0.3
Dodging        | |  4.4
Shields        | |  0.3
Unarmed Combat | |  0.3
Spellcasting   | |  0.3
Conjurations   | |  0.2
Hexes          | |  0.2
Summonings     | |  0.2
Necromancy     | |  0.2
Translocations | |  0.2
Transmutations | |  0.2
Fire Magic     | |  0.2
Ice Magic      | |  0.2
Air Magic      | |  0.2
Earth Magic    | |  0.2
Poison Magic   | |  0.2
Invocations    | |  0.4
Evocations     | |  0.3

Action                   || total
-------------------------++-------
Melee: Short sword       ||     9
       Bite              ||     1
  Use: Scroll            ||     1
 Stab: Sleeping          ||     1
Armor: Leather armour    ||     7
Dodge: Dodged            ||    12

Table legend: (Time is in decaauts)
 A = Elapsed time spent in this place.
 B = Non-inter-level travel time spent in this place.
 C = Inter-level travel time spent in this place.
 D = Time resting spent in this place.
 E = Time spent auto-exploring this place.
 F = Levels seen in this place.
 G = Mean time per level.
                   A        B        C        D        E       F      G
               +--------+--------+--------+--------+--------+-----+--------+
         Total |     56 |     56 |      0 |      0 |     24 |   2 |   28.0 |
       Dungeon |     56 |     56 |      0 |      0 |     24 |   2 |   28.0 |
               +--------+--------+--------+--------+--------+-----+--------+

Top non-repeatable levels by time:
     D:6: 43 daAuts
     D:5: 13 daAuts
